 Dungeon Crawl Stone Soup version 0.23.2-1-ga50397a (webtiles) character file.

Game seed: 4245794318707953848

6430 night the Spear-Bearer (level 10, -5/67 HPs)
             Began as a Demonspawn Gladiator on Apr 16, 2019.
             Was a Believer of Vehumet.
             Slain by Snorg (15 damage)
             ... on level 11 of the Dungeon.
             The game lasted 00:38:26 (10532 turns).

night the Spear-Bearer (Demonspawn Gladiator)      Turns: 10532, Time: 00:38:26

Health: -5/67      AC: 19    Str: 16    XL:     10   Next: 67%
Magic:  16/16      EV:  5    Int: 11    God:    Vehumet [**....]
Gold:   460        SH:  0    Dex: 15    Spells: 17/17 levels left

rFire    . . .     SeeInvis .   a - +1 trident
rCold    + + .     Gourm    .   (no shield)
rNeg     . . .     Faith    .   t - +3 plate armour
rPois    .         Spirit   .   (helmet restricted)
rElec    .         Reflect  .   G - +0 cloak
rCorr    +         Harm     .   e - +1 pair of gloves
MR       .....                  (no boots)
Stlth    ..........             (no amulet)
HPRegen  0.61/turn              A - ring of protection from cold
MPRegen  0.15/turn              C - ring of resist corrosion

@: berserk cooldown
A: antennae 1, thin metallic scales 2, blink, cold resistance 1, demonic
guardian 1, nightstalker 1, regeneration 1
a: Blink, Renounce Religion


You were on level 11 of the Dungeon.
You worshipped Vehumet.
Vehumet was pleased with you.
You were hungry.

You visited 2 branches of the dungeon, and saw 11 of its levels.

You collected 460 gold pieces.

Inventory:

Hand Weapons
 a - a +1 trident (weapon)
 I - a +0 longbow
Missiles
 d - 2 throwing nets (quivered)
 g - 139 arrows
 m - 90 bolts
 n - 33 sling bullets
 q - 239 stones
Armour
 b - a +0 leather armour
 c - a +0 helmet
 e - a +1 pair of gloves (worn)
 t - a +3 plate armour (worn)
 u - a scarf of spirit shield
 F - a +0 large shield
 G - a +0 cloak (worn)
Jewellery
 A - a ring of protection from cold (left hand)
 B - an uncursed ring of ice
 C - a ring of resist corrosion (right hand)
Wands
 y - a wand of random effects (1)
 E - a wand of iceblast (14)
Scrolls
 k - a scroll of magic mapping
 l - 8 scrolls of remove curse
 s - a scroll of fear
 J - 2 scrolls of identify
 L - a scroll of amnesia
Potions
 h - a potion of magic
 i - 5 potions of curing
 j - a potion of berserk rage
 o - a potion of cancellation {unknown}
 p - 2 potions of haste
 v - 2 potions of degeneration
 w - a potion of brilliance
 x - a potion of invisibility {unknown}
 z - a potion of flight {unknown}
 H - a potion of heal wounds
Comestibles
 f - 8 rations
 K - 3 chunks of flesh


   Skills:
 - Level 2.0 Fighting
 + Level 12.6 Polearms
 - Level 1.9 Throwing
 - Level 3.1 Dodging
 - Level 0.1 Stealth
 - Level 6.3 Shields
 + Level 4.0 Spellcasting


You had 17 spell levels left.
You didn't know any spells.
Your spell library contained the following spells:

 Spells                   Type           Power        Failure   Level  Hunger
 Throw Frost              Conj/Ice       #.....       100%        2    ##.....
 Animate Skeleton         Necr           N/A          100%        1    #......
 Beastly Appendage        Tmut           #.....       100%        1    #......
 Corona                   Hex            #......      100%        1    #......
 Pain                     Necr           #...         100%        1    #......
 Summon Small Mammal      Summ           #...         100%        1    #......
 Call Imp                 Summ           #.......     100%        2    ##.....
 Ensorcelled Hibernation  Hex/Ice        #.....       100%        2    ##.....
 Sticks to Snakes         Tmut           #.......     100%        2    ##.....
 Call Canine Familiar     Summ           #.......     100%        3    ###....
 Confuse                  Hex            #.......     100%        3    ###....
 Dazzling Spray           Conj/Hex       #.....       100%        3    ###....
 Regeneration             Chrm/Necr      #.........   100%        3    ###....
 Spider Form              Tmut/Pois      #.........   100%        3    ###....
 Summon Guardian Golem    Hex/Summ       #.......     100%        3    ###....
 Tukima's Dance           Hex            #.......     100%        3    ###....
 Vampiric Draining        Necr           #.........   100%        3    ###....
 Animate Dead             Necr           N/A          100%        4    #####..
 Ice Form                 Ice/Tmut       #.......     100%        4    #####..
 Summon Ice Beast         Ice/Summ       #.......     100%        4    #####..
 Summon Lightning Spire   Summ/Air       #.......     100%        4    #####..
 Blade Hands              Tmut           #.........   100%        5    ######.


Dungeon Overview and Level Annotations

Branches:
Dungeon (9/15)             Temple (1/1) D:7             Orc (0/2) D:9
   Lair: D:8-11

Altars:
Ashenzari
Cheibriados
Dithmenos
Elyvilon
Fedhas
Gozag
Kikubaaqudgha
Makhleb
Nemelex Xobeh
Okawaru
Qazlal
Ru
Sif Muna
Trog
Uskayaw
Vehumet
Wu Jian
Xom
Zin
The Shining One

Shops:
D:7 %

Annotations:
D:3 Robin, Sigmund
D:5 3 runed translucent doors, cykeltillsalu's ghost, amateur MiBe
D:8 2 transporters, Karim's ghost, novice GnHu
D:11 Snorg


Innate Abilities, Weirdness & Mutations

You have a pair of small antennae on your head.
You are mostly covered in thin metallic scales. (AC +3)
A weak demonic guardian rushes to your aid.
You are slightly more attuned to the shadows.
You can translocate small distances at will.
Your flesh is cold resistant. (rC+)
Your natural rate of healing is unusually fast.


Message History

Snorg claws your ufetubus. Snorg misses your ufetubus.
Your crocodile bites Snorg.
Your ufetubus completely misses Snorg. x2
Attack whom?
Press: ? - help, Dir - move target cursor, f/p - Snorg
Aim: Snorg (severely wounded, berserk, fast, unusually strong)
You could not reach far enough!
Snorg bites your ufetubus!!
Your ufetubus dies!
Your crocodile bites Snorg!
Attack whom?
Press: ? - help, Dir - move target cursor, f/p - Snorg
Aim: Snorg (severely wounded, berserk, fast, unusually strong)
You reach to attack!
You barely miss Snorg.
Snorg is severely wounded.
You puncture Snorg!
Snorg is severely wounded.
Snorg bites you!!
* * * LOW HITPOINT WARNING * * *
Snorg claws you but does no damage. x2; Your crocodile bites Snorg!
Snorg bites you!
You die...

#..#
###..#
....#
...#
#.†#
#))#
#t.#
#T.#
#@.#
#..#
#..#
...#
....#
.....#
#####.#
.#


You could see Snorg (berserk) and a friendly crocodile.

Vanquished Creatures
  A cyclops (D:11)
  Psyche (D:8)
  3 slime creatures (D:8)
  Prince Ribbit (D:7)
  2 wyverns (D:9)
  3 yaks (D:8)
  A hungry ghost (D:9)
  A two-headed ogre zombie (D:9)
  Duvessa (D:7)
  A hornet zombie (D:9)
  3 ice beasts
  2 sky beasts (D:5)
  An orc warrior (D:11)
  2 necrophages (D:9)
  An ogre (D:9)
  A phantom (D:9)
  A crocodile (D:7)
  A wyvern skeleton (D:9)
  3 troll zombies (D:9)
  3 killer bees (D:9)
  5 scorpions
  Dowan (D:7)
  4 wights (D:9)
  3 howler monkeys
  3 crimson imps
  3 hounds
  A quasit (D:7)
  2 centaur zombies
  2 jellies
  2 bullfrog skeletons
  4 orc priests
  A centaur skeleton (D:6)
  10 orc wizards
  3 iguanas
  6 worker ants
  A statue (D:8)
  A killer bee zombie (D:8)
  2 ogre zombies (D:9)
  A hound zombie (D:5)
  2 hound skeletons (D:9)
  8 adders
  A shadow imp (D:7)
  An ooze (D:4)
  2 adder skeletons
  9 worms
  2 dart slugs
  5 leopard geckos
  23 orcs
  3 giant cockroaches
  14 goblins
  12 hobgoblins
  16 jackals
  2 quokkas
  A ball python (D:3)
  11 bats
  6 frilled lizards
  3 goblin zombies (D:9)
  A hobgoblin skeleton (D:9)
  7 kobolds
  An orc skeleton (D:9)
  16 orc zombies (D:9)
  A quokka zombie (D:5)
  10 rats
245 creatures vanquished.

Vanquished Creatures (collateral kills)
  A troll (D:9)
  2 yaks (D:8)
  2 hungry ghosts (D:9)
  A howler monkey (D:9)
  2 ogre zombies (D:9)
  An adder (D:9)
  A goblin zombie (D:9)
  2 orc skeletons (D:9)
  An orc zombie (D:9)
13 creatures vanquished.

Grand Total: 258 creatures vanquished

Notes
Turn   | Place    | Note
-------+----------+-------------------------------------------
     0 | D:1      | night the Demonspawn Gladiator began the quest for the Orb.
     0 | D:1      | Reached XP level 1. HP: 16/16 MP: 1/1
   148 | D:1      | Gained mutation: You are partially covered in thin metallic
                  | scales. (AC +2) [demonic ancestry]
   148 | D:1      | Reached XP level 2. HP: 22/22 MP: 2/2
   153 | D:1      | Reached skill level 3 in Polearms
   612 | D:1      | Reached XP level 3. HP: 22/27 MP: 3/3
  1624 | D:2      | Reached skill level 4 in Polearms
  1660 | D:2      | Gained mutation: You are mostly covered in thin metallic
                  | scales. (AC +3) [demonic ancestry]
  1660 | D:2      | Reached XP level 4. HP: 28/33 MP: 4/4
  2460 | D:3      | Noticed Robin
  2469 | D:3      | Reached XP level 5. HP: 38/38 MP: 5/5
  2746 | D:3      | Reached skill level 5 in Polearms
  3066 | D:3      | Noticed an ogre
  3066 | D:3      | Noticed Sigmund
  3281 | D:4      | Reached XP level 6. HP: 16/44 MP: 6/6
  3598 | D:4      | Reached skill level 6 in Polearms
  4233 | D:4      | Found a glowing silver altar of Zin.
  4394 | D:4      | Reached skill level 7 in Polearms
  4440 | D:4      | Gained mutation: You have a pair of small antennae on your
                  | head. [demonic ancestry]
  4440 | D:4      | Reached XP level 7. HP: 42/50 MP: 7/7
  4985 | D:5      | Entered Level 5 of the Dungeon
  5057 | D:5      | Got a heavy robe
  5068 | D:5      | Identified the +1 robe "Teanux" {*Contam Dex+6} (You found
                  | it on level 5 of the Dungeon)
  5102 | D:5      | Gained mutation: You occasionally shout uncontrollably at
                  | your foes. [mutagenic glow]
  5272 | D:5      | Reached skill level 8 in Polearms
  5589 | D:5      | Found a runed translucent gate.
  5589 | D:5      | Noticed cykeltillsalu's ghost (amateur MiBe)
  5590 | D:5      | Found a runed translucent gate.
  5590 | D:5      | Found a runed translucent gate.
  5770 | D:5      | Reached XP level 8. HP: 54/56 MP: 8/8
  6108 | D:6      | Lost mutation: You occasionally shout uncontrollably at
                  | your foes. [potion of mutation]
  6108 | D:6      | Gained mutation: Your natural rate of healing is unusually
                  | fast. [potion of mutation]
  6108 | D:6      | Gained mutation: Your flesh is cold resistant. (rC+)
                  | [potion of mutation]
  6108 | D:6      | Gained mutation: You can translocate small distances at
                  | will. [potion of mutation]
  6140 | D:5      | Reached skill level 9 in Polearms
  6330 | D:6      | Got a scorched flail
  6331 | D:6      | Identified the +2 flail "Pinykli" {crush, rPois Dex+4} (You
                  | found it on level 6 of the Dungeon)
  6388 | D:6      | Found a sparkling altar of Nemelex Xobeh.
  6404 | D:6      | Found a bloodstained altar of Trog.
  6605 | D:6      | Found a shadowy altar of Dithmenos.
  6949 | D:7      | Found a staircase to the Ecumenical Temple.
  6961 | Temple   | Entered the Ecumenical Temple
  7023 | Temple   | Became a worshipper of Ru the Awakened
  7086 | D:7      | Noticed Dowan
  7119 | D:7      | Killed Dowan
  7119 | D:7      | Noticed Prince Ribbit
  7174 | D:7      | Reached skill level 10 in Polearms
  7247 | D:7      | Noticed Duvessa
  7268 | D:7      | Killed Duvessa
  7821 | D:7      | Found an opulent altar of Gozag.
  7896 | D:7      | Found Mupeapna's Food Shoppe.
  7958 | D:7      | Killed Prince Ribbit
  8159 | D:8      | Found an iron altar of Okawaru.
  8267 | D:8      | Found a stormy altar of Qazlal.
  8268 | D:8      | Noticed Psyche
  8297 | D:8      | Killed Psyche
  8297 | D:8      | Gained mutation: A weak demonic guardian rushes to your
                  | aid. [demonic ancestry]
  8297 | D:8      | Reached XP level 9. HP: 30/61 MP: 9/9
  8449 | D:8      | Reached skill level 5 in Shields
  8532 | D:8      | Found a radiant altar of Vehumet.
  8606 | D:8      | Found an ancient bone altar of Kikubaaqudgha.
  8679 | D:8      | Found a burning altar of Makhleb.
  8708 | D:8      | Reached skill level 11 in Polearms
  8822 | D:8      | Noticed Karim's ghost (novice GnHu)
  8825 | D:8      | Found a transporter.
  8843 | D:8      | Fell from the grace of Ru
  8843 | D:8      | Became a worshipper of Vehumet
  8988 | D:8      | Found a transporter.
  9399 | D:9      | Found a staircase to the Orcish Mines.
  9500 | D:9      | Gained mutation: You are slightly more attuned to the
                  | shadows. [demonic ancestry]
  9500 | D:9      | Reached XP level 10. HP: 67/67 MP: 10/10
  9523 | D:9      | Reached * piety under Vehumet
  9523 | D:9      | Offered knowledge of Freeze by Vehumet.
  9944 | D:9      | Reached skill level 12 in Polearms
  9985 | D:9      | Reached skill level 1 in Spellcasting
 10087 | D:9      | Reached ** piety under Vehumet
 10087 | D:9      | Offered knowledge of Throw Frost by Vehumet.
 10457 | D:9      | You fall through a shaft for 2 floors!
 10457 | D:11     | Noticed a cyclops
 10467 | D:11     | Killed a cyclops
 10515 | D:11     | Noticed Snorg
 10532 | D:11     | Slain by Snorg

Skill      XL: |  1  2  3  4  5  6  7  8  9 10 |
---------------+-------------------------------+-----
Polearms       | 3 4 5 7 8 10 11 12 | 12.6
Dodging        | 3 |  3.1
Shields        | 3 6 |  6.3
Spellcasting   | 4 |  4.0
Fighting       | |  2.0
Throwing       | |  1.9
Stealth        | |  0.1

Action                   |  1- 3 |  4- 6 |  7- 9 | 10-12 || total
-------------------------+-------+-------+-------+-------++-------
Melee: Trident           |    96 |   330 |   666 |   358 ||  1450
       Dagger            |    90 |       |       |       ||    90
       Unarmed           |       |       |     4 |       ||     4
Throw: Throwing net      |       |     1 |       |       ||     1
 Abil: Blink             |       |       |     1 |       ||     1
Evoke: Wand              |       |       |    12 |     7 ||    19
  Use: Potion            |     1 |       |     5 |     1 ||     7
       Scroll            |     5 |       |     8 |     2 ||    15
 Stab: Sleeping          |     1 |     3 |     6 |       ||    10
       Held in net/web   |       |     1 |       |       ||     1
       Distracted        |       |       |     3 |     3 ||     6
  Eat: Chunk             |     3 |     9 |    12 |     3 ||    27
       Ration            |       |       |     2 |       ||     2
Armor: Leather armour    |    77 |   112 |    21 |       ||   210
       Robe              |       |       |    24 |       ||    24
       Plate armour      |       |       |   231 |   180 ||   411
       Skin              |       |       |     2 |       ||     2
Dodge: Dodged            |   137 |   197 |   149 |    51 ||   534
Block: Large shield      |       |       |   118 |       ||   118
